 Dungeon Crawl Stone Soup version 0.24.0-13-gcf9b3192b9 (webtiles) character file.

Game seed: 8494227805677680602, levelgen mode: deterministic

87 Arum the Skirmisher (level 4, -1/37 HPs)
             Began as a Demonspawn Fighter on Nov 6, 2019.
             Was an Initiate of Okawaru.
             Slain by a wight
             ... wielding a +4 spear
              (3 damage)
             ... on level 6 of the Dungeon.
             The game lasted 00:03:05 (2394 turns).

Arum the Skirmisher (Demonspawn Fighter)            Turns: 2394, Time: 00:03:06

Health: -1/37      AC: 12    Str: 17    XL:     4   Next: 28%
Magic:  4/4        EV:  6    Int: 10    God:    Okawaru [......]
Gold:   76         SH:  8    Dex: 12    Spells: 3/3 levels left

rFire    . . .     SeeInvis .     - Unarmed
rCold    . . .     Gourm    .   b - +0 shield
rNeg     . . .     Faith    .   a - +0 scale mail
rPois    .         Spirit   .   (no helmet)
rElec    .         Reflect  .   (no cloak)
rCorr    .         Harm     .   (no gloves)
MR       .....                  (no boots)
Stlth    ..........             (no amulet)
HPRegen  0.12/turn              (no ring)
MPRegen  0.09/turn              (no ring)

@: sanguine armour, drained
A: sanguine armour 1
a: Renounce Religion


You were on level 6 of the Dungeon.
You worshipped Okawaru.
Okawaru was noncommittal.
You were not hungry.

You visited 1 branch of the dungeon, and saw 4 of its levels.

You collected 76 gold pieces.

Inventory:

Missiles
 e - 5 silver javelins (quivered)
 p - 13 poisoned darts
Armour
 a - a +0 scale mail (worn)
 b - a +0 shield (worn)
Wands
 n - a wand of enslavement (8)
Scrolls
 f - a scroll of noise {unknown}
 g - 4 scrolls of identify {unknown}
 h - 2 scrolls of amnesia {unknown}
 j - a scroll of teleportation {unknown}
 k - a scroll of blinking {unknown}
 l - a scroll of magic mapping {unknown}
Potions
 c - a potion of might
 i - a potion of degeneration {unknown}
 m - a potion of mutation {unknown}
 o - a potion of agility {unknown}
Comestibles
 d - 8 rations


   Skills:
 + Level 3.8(3.2) Fighting
 - Level 2.6(2.0) Armour
 + Level 3.4(2.8) Shields
 + Level 2.7(2.1) Unarmed Combat


You had 3 spell levels left.
You didn't know any spells.
Your spell library was empty.

Dungeon Overview and Level Annotations

Branches:
Dungeon (3/15)

Altars:
Makhleb
Okawaru


Innate Abilities, Weirdness & Mutations

When seriously injured, your bleeding wounds create armour. (AC +6)


Message History

An orc comes into view. It is wielding a +0 dagger.
The orc shouts!
The orc hits you but does no damage.
You completely miss the orc.
The orc hits you with a cursed +0 dagger.
You block the wight's attack.
Your shield and scale mail prevent you from hitting the orc.
You block the orc's attack.
You barely miss the orc. The orc hits you but does no damage.
You block the wight's attack.
You hit the orc but do no damage.
The wight hits you with a +5 war axe of freezing!
* * * LOW HITPOINT WARNING * * *
You feel drained. The wight freezes you.
* * * LOW HITPOINT WARNING * * *
You block the orc's attack.
You hit the orc but do no damage. The wight hits you but does no damage.
The wight barely misses you.
The wight hits you from afar with a +4 spear.
You die...

#.# #.#
#.# #.#
#.# #[#
#z#
#z########
#z@o......
##########


You could see 3 wights and an orc.

Vanquished Creatures
  Jessica (D:2)
  An adder (D:2)
  A worm (D:2)
  3 leopard geckos
  2 giant cockroaches
  3 goblins
  6 hobgoblins
  6 jackals (D:1)
  6 bats
  4 frilled lizards
  6 kobolds
  7 rats
46 creatures vanquished.

Notes
Turn   | Place    | Note
-------+----------+-------------------------------------------
     0 | D:1      | Arum the Demonspawn Fighter began the quest for the Orb.
     0 | D:1      | Reached XP level 1. HP: 18/18 MP: 1/1
   184 | D:1      | Gained mutation: When seriously injured, your bleeding
                  | wounds create armour. (AC +6) [demonic ancestry]
   184 | D:1      | Reached XP level 2. HP: 24/24 MP: 2/2
   805 | D:1      | Reached XP level 3. HP: 29/29 MP: 3/3
  1348 | D:2      | Found an iron altar of Okawaru.
  1623 | D:2      | Noticed Jessica
  1645 | D:2      | Killed Jessica
  1668 | D:2      | Reached XP level 4. HP: 11/37 MP: 4/4
  1956 | D:2      | Found a burning altar of Makhleb.
  2207 | D:2      | Became a worshipper of Warmaster Okawaru
  2316 | D:3      | You fall into a shaft and drop 3 floors!
  2394 | D:6      | Slain by a wight

Levels and vault maps discovered:
D:1:      lightli_arrival_flooded_house, layout_basic
D:2:      wad_lake_hut, layout_basic, old_standard_altar,
          nicolae_overflow_hidden_temple, minmay_misc_feat_hallway,
          supply_closet_lemuel, uniq_jessica
D:3:      minmay_recursive_quarters, layout_basic, first_ration, minivault_24,
          amethyst_killhole
D:6:      layout_basic, temple_hall, uniq_duvessa

Skill      XL: |  1  2 |
---------------+-------+-----
Unarmed Combat | 2 |  2.7
Shields        | 3 |  3.4
Fighting       | |  3.8
Armour         | |  2.6

Action                   |  1- 3 |  4- 6 || total
-------------------------+-------+-------++-------
Melee: Unarmed           |   220 |    56 ||   276
  Eat: Chunk             |     3 |     2 ||     5
Armor: Scale mail        |   122 |    14 ||   136
Dodge: Dodged            |    69 |     7 ||    76
Block: Shield            |   125 |    23 ||   148
